 Dungeon Crawl Stone Soup version 0.29-a0-284-gf9362112df (webtiles) character file.

Game seed: 8732088504138686256

6890 spaghetti the Geomancer (level 10, -3/74 HPs)
             Began as a Demonspawn Earth Elementalist on Mar 21, 2022.
             Was a Priest of Ignis.
             Slain by a wolf spider (5 damage)
             ... on level 13 of the Dungeon.
             The game lasted 00:23:05 (12289 turns).

spaghetti the Geomancer (DsEE)                     Turns: 12289, Time: 00:23:06

Health: -3/74      AC:  7    Str: 14 (15) XL:     10   Next: 79%
Magic:  17/31      EV: 12    Int: 21      God:    Ignis [***...]
Gold:   359        SH:  0    Dex: 12 (13) Spells: 20/26 levels left

rFire   + . .      SeeInvis .   C - staff of earth {!astaff}
rCold   . . .      Faith    .   e - orb {mayhem}
rNeg    . . .      Spirit   .   b - +0 robe
rPois   .          Reflect  .   K - +1 helmet
rElec   .          Harm     .   (cloak unavailable)
rCorr   .          Rampage  .   A - +0 pair of gloves
Will    .....      Clarity  +   (no boots)
Stlth   +++.......              I - amulet of regeneration {@e2}
HPRegen 1.02/turn               u - ring of magical power
MPRegen 0.22/turn               D - +6 ring of strength

@: no status effects
A: icy blue scales 1, powered by death 1, weakness stinger 3, talons 1, clarity,
deterioration 1
a: Renounce Religion, Fiery Armour, Foxfire Swarm


You were on level 13 of the Dungeon.
You worshipped Ignis.
Ignis was most pleased with you.
You visited 2 branches of the dungeon, and saw 12 of its levels.
You also visited: Ossuary and Bailey.

You collected 619 gold pieces.
You spent 260 gold pieces at shops.


Innate Abilities, Weirdness & Mutations

You are partially covered in icy blue scales. (AC +2)
You regenerate a little health from kills.
You have a sharp stinger which inflicts weakening toxins.
You have sharp toenails.
You possess an exceptional clarity of mind.
Your body sometimes deteriorates upon taking damage.


   Skills:
 - Level 5.0 Fighting
 - Level 1.0 Staves
 - Level 1.7 Dodging
 - Level 5.0 Stealth
 + Level 8.5 Spellcasting
 - Level 3.0 Conjurations
 - Level 0.8 Transmutations
 - Level 10.0 Earth Magic
 - Level 5.0 Evocations


You had 20 spell levels left.
You knew the following spells:

 Your Spells              Type           Power      Damage    Failure   Level
a - Sandblast             Erth           100%       2d20      1%          1
b - Passwall              Tmut/Erth      39%        N/A       1%          2
c - Stone Arrow           Conj/Erth      100%       3d13      1%          3

Your spell library contained the following spells:

 Spells                   Type           Power      Damage    Failure   Level
 Beastly Appendage        Tmut           24%        N/A       5%          1
 Wereblood                Tmut           12%        N/A       9%          2
 Petrify                  Tmut/Erth      47%        N/A       9%          4
 Corpse Rot               Necr/Air       16%        N/A       12%         2
 Poisonous Vapours        Pois/Air       16%        N/A       12%         2
 Spider Form              Tmut/Pois      10%        N/A       19%         3

Inventory:

Hand Weapons
 k - the +7 dagger "Dyiph" {freeze, Int+3 Dex+3, short}
   (You found it on level 5 of the Dungeon)

   It freezes those it strikes, dealing additional cold damage.
   It can also slow down cold-blooded creatures.
   Int:       It affects your intelligence (+3).
   Dex:       It affects your dexterity (+3).
Missiles
 a - 339 stones {throwing}
 v - 2 throwing nets {=f!fthrowing}
 z - 5 boomerangs {throwing}
 M - 2 curare-tipped darts {=fthrowing}
Armour
 b - a +0 robe (worn)
 e - an orb of mayhem (worn)
   (You found it on level 1 of the Dungeon)
 f - a +0 helmet
   (You found it on level 1 of the Dungeon)
 p - a +0 hat
   (You found it on level 1 of the Dungeon)
 A - a +0 pair of gloves (worn)
   (You found it on level 2 of the Dungeon)
 K - a +1 helmet (worn)
   (You found it on level 4 of the Dungeon)
Magical Staves
 C - a staff of earth (weapon) {!astaff}
   (You found it on level 7 of the Dungeon)
Jewellery
 q - a ring of wizardry
   (You found it on level 6 of the Dungeon)
 s - the amulet of Bitsy {Reflect Fly MP+9 Str+4 Int+7 SH+5}
   (You took it off a gnoll on level 9 of the Dungeon)

   [amulet of reflection]

   It reflects blocked missile attacks.
   Str:       It affects your strength (+4).
   Int:       It affects your intelligence (+7).
   MP:        It affects your magic capacity (+9).
   Fly:       It grants you flight.
   SH:        It affects your SH (+5).
 u - a ring of magical power (left hand)
   (You found it on level 2 of the Dungeon)
 y - an amulet of the acrobat
   (You took it off an orc on level 7 of the Dungeon)
 D - a +6 ring of strength (right hand)
   (You found it on level 3 of the Dungeon)
 F - the ring "Wyod" {rC+ rN+ Will- rCorr SInv}
   (You found it on level 8 of the Dungeon)

   [ring of resist corrosion]

   rC:        It protects you from cold.
   rN:        It protects you from negative energy.
   SInv:      It lets you see invisible.
   rCorr:     It protects you from acid and corrosion.
   Will:      It decreases your willpower.
 I - an amulet of regeneration (around neck) {@e2}
   (You found it on level 3 of the Dungeon)
Wands
 i - a wand of charming (3)
   (You found it on level 5 of the Dungeon)
 w - a wand of mindburst (12)
   (You found it on level 7 of the Dungeon)
 E - a wand of iceblast (12)
   (You found it on level 3 of the Dungeon)
Scrolls
 d - 6 scrolls of noise {!r}
 g - a scroll of vulnerability {!r!r}
 h - 3 scrolls of enchant armour
 j - a scroll of blinking {!r}
 m - a scroll of fog
 o - 4 scrolls of teleportation {@r4}
 G - a scroll of fear
Potions
 c - 3 potions of magic
 l - a potion of haste {@q3}
 n - 2 potions of ambrosia
 r - a potion of attraction {!q}
 t - 2 potions of curing {@q1}
 x - 3 potions of brilliance
 B - 8 potions of heal wounds {@q2}
 H - 7 potions of might {unknown}
 J - a potion of lignification {unknown}
 N - 2 potions of resistance {unknown}
 P - 3 potions of cancellation {unknown}
 V - a potion of invisibility
Miscellaneous
 L - a condenser vane
   (You found it on level 9 of the Dungeon)
 O - a box of beasts
   (You found it on level 9 of the Dungeon)

Dungeon Overview and Level Annotations

Branches:
Dungeon (10/15)            Temple (1/1) D:4         Ossuary (visited)
 Bailey (visited)
   Lair: D:8-11         Orc: D:9-12

Altars:
Ashenzari
Cheibriados
Dithmenos
Elyvilon
Fedhas
Gozag
Hepliaklqana
Kikubaaqudgha
Makhleb
Okawaru
Qazlal
Ru
Sif Muna
Trog
Uskayaw
Vehumet
Wu Jian
Xom
Yredelemnul
Zin
The Shining One
Ignis

Shops:
D:1 (!

Portals:
Abyss: D:5

Annotations:
D:5 2 transporters, LobsterGuardian's ghost, novice SpEn
D:9 2 transporters, Cecur's ghost, novice DrEE

# ## #. ...#.#
#...### #.s.#
#@# ### #.#
##.###.####
####.........#
+.......#.##.#
####...##.##.#
##.###.##.#
#.....##.#
#..#####.#


You could see a wolf spider.


Message History

You feel a surge of power!
The stone arrow misses the acid dragon.
The acid dragon bites you but does no damage.
The acid dragon barely misses you.
The acid dragon bites you but does no damage.
The acid dragon closely misses you. 😮 HP[+1] MP[-3]
You lost 3 mp, and now have 19/31 mp.
Aiming: Stone Arrow (safe; 1% risk of failure)
Press: ? - help, Q - select action, (/) - cycle Shift-Dir - straight line, f/p - acid dragon
Aim: an acid dragon (fast, strong, frenzied and insane, 78% to hit)
You feel a surge of power!
The stone arrow hits the acid dragon!!
The acid dragon misses you.
The acid dragon barely misses you. 😮 HP[+1] MP[-3]
You lost 3 mp, and now have 16/31 mp.
Aiming: Stone Arrow (safe; 1% risk of failure)
Press: ? - help, Q - select action, (/) - cycle Shift-Dir - straight line, f/p - acid dragon
Aim: an acid dragon (almost dead, fast, strong, frenzied and insane, 78% to hit)
You feel a surge of power!
The stone arrow hits the acid dragon!!
You kill the acid dragon! 😮 HP[+1] MP[-3]
You lost 3 mp, and now have 13/31 mp.
You start resting. 😎 HP[+27] MP[+6]
Your hp is fully restored (74).
You regained 6 mp, and now have 19/31 mp.
You start resting. 😎 MP[+12]
Your mp is fully restored (31).
You see here a yak corpse.
Found a stone staircase leading down.
You now have 359 gold pieces (gained 19).
a - 339 stones {throwing} (gained 25) Key pressed, stopping explore.
A sourceless malevolence fills the Dungeon...
You fall into a shaft and drop 3 floors!
The shaft crumbles and collapses.
Unknown command.
A wolf spider comes into view.
Aiming: Stone Arrow (safe; 1% risk of failure)
Press: ? - help, Q - select action, (/) - cycle Shift-Dir - straight line, f - wolf spider
Aim: a wolf spider (asleep, 100% to hit)
You feel a surge of power!
The stone arrow hits the wolf spider!!
The wolf spider hisses angrily. 😎 MP[-3]
You lost 3 mp, and now have 28/31 mp.
Aiming: Stone Arrow (safe; 1% risk of failure)
Press: ? - help, Q - select action, (/) - cycle Shift-Dir - straight line, f/p - wolf spider
Aim: a wolf spider (heavily wounded, 78% to hit)
You feel a surge of power!
The stone arrow misses the wolf spider. 😎 MP[-3]
You lost 3 mp, and now have 25/31 mp.
Aiming: Stone Arrow (safe; 1% risk of failure)
Press: ? - help, Q - select action, (/) - cycle Shift-Dir - straight line, f/p - wolf spider
Aim: a wolf spider (heavily wounded, 78% to hit)
You feel a surge of power!
The stone arrow hits the wolf spider!
The wolf spider hits you. The wolf spider bites you.
You are poisoned.
The wolf spider poisons you! The wolf spider hits you!!
The wolf spider bites you!
You are more poisoned.
The wolf spider poisons you! 😮 HP[-31] MP[-3]
You take 31 damage, and now have 43/74 hp.
MASSIVE DAMAGE!! (PAUSE)
You lost 3 mp, and now have 22/31 mp.
Aiming: Stone Arrow (safe; 1% risk of failure)
Press: ? - help, Q - select action, (/) - cycle Shift-Dir - straight line, f/p - wolf spider
Aim: a wolf spider (severely wounded, 78% to hit)
You feel a surge of power!
The stone arrow hits the wolf spider!
* * * LOW HITPOINT WARNING * * *
You feel extremely sick. The wolf spider misses you. The wolf spider bites you!
* * * LOW HITPOINT WARNING * * *
😨 HP[-18] MP[-2]
You take 18 damage, and now have 25/74 hp.
MASSIVE DAMAGE!! (PAUSE)
You lost 2 mp, and now have 20/31 mp.
Aiming: Stone Arrow (safe; 1% risk of failure)
Press: ? - help, Q - select action, (/) - cycle Shift-Dir - straight line, f/p - wolf spider
Aim: a wolf spider (almost dead, 78% to hit)
You feel a surge of power!
The stone arrow misses the wolf spider.
* * * LOW HITPOINT WARNING * * *
You feel extremely sick. The wolf spider hits you!
* * * LOW HITPOINT WARNING * * *
The wolf spider closely misses you. The wolf spider completely misses you.
The wolf spider bites you but does no damage. 😱 HP[-23] MP[-3]
You take 23 damage, and now have 2/74 hp.
MASSIVE DAMAGE!! (PAUSE)
You lost 3 mp, and now have 17/31 mp.
You feel better. The wolf spider hits you.
* * * LOW HITPOINT WARNING * * *
The wolf spider bites you.
* * * LOW HITPOINT WARNING * * *
You feel much better. The wolf spider hits you!
* * * LOW HITPOINT WARNING * * *
Your body deteriorates!
You feel weakened. The wolf spider bites you.
You die...

Skill      XL: |  1  2  3  4  5  6  7  8  9 10 |
---------------+-------------------------------+-----
Stealth        | 2 3 5 |  5.0
Spellcasting   | 3 4 5 8 |  8.5
Earth Magic    | 3 4 5 6 7 8 9 10 | 10.0
Conjurations   | 1 3 |  3.0
Fighting       | 5 |  5.0
Evocations     | 3 5 |  5.0
Staves         | 1 |  1.0
Dodging        | |  1.7
Transmutations | |  0.8

Action                   |  1- 3 |  4- 6 |  7- 9 | 10-12 || total
-------------------------+-------+-------+-------+-------++-------
Melee: Dagger            |       |       |    44 |       ||    44
       Tailslap          |       |       |     7 |     3 ||    10
       Staff             |       |       |    24 |    11 ||    35
       Kick              |       |       |    14 |     4 ||    18
 Cast: Sandblast         |    46 |    15 |       |       ||    61
       Stone Arrow       |     2 |    37 |   145 |    86 ||   270
       Passwall          |       |     1 |     2 |       ||     3
Invok: Foxfire Swarm     |       |       |     3 |       ||     3
       Fiery Armour      |       |       |     2 |       ||     2
       Rising Flame      |       |       |     1 |       ||     1
Evoke: Wand              |       |       |     2 |       ||     2
  Use: Scroll            |     1 |     1 |     6 |     4 ||    12
       Potion            |       |       |     6 |     2 ||     8
Armor: Robe              |     5 |     5 |    42 |     9 ||    61
Dodge: Dodged            |    19 |    14 |    83 |    22 ||   138

Levels and vault maps discovered:
D:1:      tarquinn_simple_flora_water_e, layout_loops_ring, serial_shops, shop,
          nicolae_shop_window_shopping
D:2:      layout_basic, ebering_ecumenical_altar_box, basic_altar
D:3:      layout_rooms, kennysheep_cross_bottleneck, serial_bayou_pond_c,
          due_unseen_surprise
D:4:      layout_loops_ring, minmay_temple_entry_mist, uniq_duvessa
D:5:      layout_loops_ring, gammafunk_ghost_abyssal_escape,
          lightli_sewer_entry_pipes
D:6:      layout_basic, uniq_pikel
D:7:      layout_loops_corners
D:8:      minmay_polygon_palace, layout_layer_cave, enter_ossuary_4,
          kennysheep_generic_room_9
D:9:      layout_roguey, enter_bailey_5, gammafunk_ghost_smash, minmay_radiant
D:10:     layout_rooms, nicolae_overflow_crystal_walls,
          grunt_lair_entry_orc_guard_hut, david_orc_3
D:13:     layout_loops_corners, grunt_ministairs_5, nicolae_shop_firing_range
Temple:   mainiacjoe_temple_hex_bubbles

Notes
Turn   | Place    | Note
-------+----------+-------------------------------------------
     0 | D:1      | spaghetti the Demonspawn Earth Elementalist began the quest
                  | for the Orb.
     0 | D:1      | Reached XP level 1. HP: 13/13 MP: 3/3
     0 | D:1      | magus.rc [v1.9.6]
    30 | D:1      | Found Tedama Tuesm's Distillery.
    66 | D:1      | Reached skill level 2 in Stealth
   301 | D:1      | Gained mutation: You regenerate a little health from kills.
                  | [demonic ancestry]
   301 | D:1      | Reached XP level 2. HP: 19/19 MP: 1/5
   452 | D:1      | Found Wiytoska's Antique Weapon Emporium.
   726 | D:1      | Reached skill level 3 in Spellcasting
  1080 | D:2      | Found a faded altar of an unknown god.
  1089 | D:2      | Prayed at the altar of an unknown god.
  1089 | D:2      | Became a worshipper of Ignis, the Dying Flame
  1147 | D:2      | Gained mutation: You have a small tail. [demonic ancestry]
  1147 | D:2      | Reached XP level 3. HP: 24/24 MP: 4/7
  1159 | D:2      | Learned a level 2 spell: Passwall
  1163 | D:2      | Learned a level 3 spell: Stone Arrow
  1297 | D:2      | Found a hide-covered altar of Uskayaw.
  2099 | D:2      | Reached skill level 3 in Earth Magic
  2156 | D:3      | Noticed a necrophage
  2250 | D:3      | Reached XP level 4. HP: 30/30 MP: 8/8
  2315 | D:3      | Killed a necrophage
  2316 | D:3      | Reached skill level 4 in Earth Magic
  2348 | D:3      | Reached XP level 5. HP: 31/35 MP: 9/9
  3041 | D:4      | Found a staircase to the Ecumenical Temple.
  3047 | D:4      | Reached skill level 5 in Earth Magic
  3052 | Temple   | Entered the Ecumenical Temple
  3416 | D:4      | You pick up a book of Changes and begin reading...
  3416 | D:4      | You add the spells Beastly Appendage, Wereblood and Spider
                  | Form to your library.
  3623 | D:4      | Reached skill level 1 in Conjurations
  3754 | D:4      | Gained mutation: You have a tail ending in a sharp stinger.
                  | [demonic ancestry]
  3754 | D:4      | Reached XP level 6. HP: 41/41 MP: 10/10
  4105 | D:4      | Reached skill level 2 in Conjurations
  4251 | D:4      | Noticed Duvessa
  4251 | D:4      | Noticed Dowan
  4256 | D:4      | Killed Duvessa
  4257 | D:4      | Reached skill level 3 in Conjurations
  4258 | D:4      | Killed Dowan
  4259 | D:4      | Reached skill level 6 in Earth Magic
  4259 | D:4      | Reached XP level 7. HP: 45/46 MP: 1/11
  4409 | D:5      | Entered Level 5 of the Dungeon
  4645 | D:5      | Reached skill level 7 in Earth Magic
  4727 | D:5      | Found a one-way gate to the infinite horrors of the Abyss.
  4727 | D:5      | Noticed LobsterGuardian's ghost (novice SpEn)
  4886 | D:5      | Found a transporter.
  4904 | D:5      | Found a transporter.
  5093 | D:5      | Gained mutation: You expend magic power (3 MP) to
                  | strengthen your wands. [potion of mutation]
  5093 | D:5      | Gained mutation: You sometimes lose the ability to read
                  | scrolls when taking damage. [potion of mutation]
  5093 | D:5      | Gained mutation: You are occasionally teleported next to
                  | monsters. [potion of mutation]
  5101 | D:5      | Reached skill level 3 in Stealth
  5217 | D:5      | Identified the +7 dagger "Dyiph" {freeze, Int+3 Dex+3}
  5507 | D:5      | HP: 10/46 [orc warrior/+0 dire flail (4)]
  5512 | D:5      | Reached XP level 8. HP: 7/52 MP: 4/12
  5766 | D:6      | Reached skill level 4 in Stealth
  5958 | D:6      | Reached skill level 8 in Earth Magic
  6255 | D:6      | Noticed Pikel
  6272 | D:6      | Reached skill level 5 in Stealth
  6298 | D:7      | Noticed a kobold demonologist
  6368 | D:6      | Reached skill level 1 in Fighting
  6554 | D:6      | Killed Pikel
  6555 | D:6      | Reached skill level 4 in Fighting
  6901 | D:6      | Lost mutation: You are occasionally teleported next to
                  | monsters. [potion of mutation]
  6901 | D:6      | Lost mutation: You expend magic power (3 MP) to strengthen
                  | your wands. [potion of mutation]
  6901 | D:6      | Lost mutation: You sometimes lose the ability to read
                  | scrolls when taking damage. [potion of mutation]
  6901 | D:6      | Gained mutation: You are clumsy. (Dex -2) [potion of
                  | mutation]
  6901 | D:6      | Gained mutation: You are occasionally teleported next to
                  | monsters. [potion of mutation]
  6901 | D:6      | Gained mutation: Your spells are a little easier to cast,
                  | but a little less powerful. [potion of mutation]
  6934 | D:7      | Noticed an orange demon
  6943 | D:6      | Killed a kobold demonologist
  6944 | D:6      | Reached skill level 5 in Fighting
  6944 | D:6      | Reached skill level 4 in Spellcasting
  6944 | D:6      | Gained mutation: You are partially covered in icy blue
                  | scales. (AC +2) [demonic ancestry]
  6944 | D:6      | Reached XP level 9. HP: 26/68 MP: 7/15
  7130 | D:1      | Bought a potion of attraction for 30 gold pieces
  7130 | D:1      | Bought a potion of mutation for 80 gold pieces
  7130 | D:1      | Bought a potion of heal wounds for 50 gold pieces
  7130 | D:1      | Bought a potion of haste for 100 gold pieces
  7130 | D:1      | Lost mutation: You are occasionally teleported next to
                  | monsters. [potion of mutation]
  7130 | D:1      | Lost mutation: Your spells are a little easier to cast, but
                  | a little less powerful. [potion of mutation]
  7130 | D:1      | Lost mutation: You are clumsy. (Dex -2) [potion of
                  | mutation]
  7130 | D:1      | Gained mutation: Your body sometimes deteriorates upon
                  | taking damage. [potion of mutation]
  7130 | D:1      | Gained mutation: You possess an exceptional clarity of
                  | mind. [potion of mutation]
  7130 | D:1      | Gained mutation: You have sharp toenails. [potion of
                  | mutation]
  7937 | D:7      | You pick up a book of Vapours and begin reading...
  7937 | D:7      | You add the spells Poisonous Vapours and Corpse Rot to your
                  | library.
  8142 | D:7      | Reached skill level 5 in Spellcasting
  8692 | D:8      | Identified the ring "Wyod" {rC+ rN+ Will- rCorr SInv}
  8716 | D:8      | Found a sand-covered staircase.
  8723 | Ossuary  | Entered an ossuary
  8895 | Ossuary  | Reached skill level 1 in Evocations
  8897 | Ossuary  | Reached skill level 1 in Staves
  9180 | D:8      | Noticed a troll
  9193 | D:8      | Killed a troll
  9244 | D:8      | Reached skill level 2 in Evocations
  9249 | D:8      | Reached skill level 9 in Earth Magic
  9635 | D:8      | Reached skill level 3 in Evocations
  9819 | D:8      | Noticed a two-headed ogre
  9822 | D:8      | Killed a two-headed ogre
  9823 | D:8      | Gained mutation: You have a sharp stinger which inflicts
                  | weakening toxins. [demonic ancestry]
  9823 | D:8      | Reached XP level 10. HP: 74/74 MP: 18/18
 10331 | D:9      | Found a flagged portal.
 10339 | D:9      | Reached skill level 4 in Evocations
 10340 | D:9      | Reached skill level 10 in Earth Magic
 10500 | Bailey   | Entered a bailey
 10856 | Bailey   | Reached skill level 6 in Spellcasting
 11074 | D:9      | Noticed a two-headed ogre
 11077 | D:9      | Found a transporter.
 11078 | D:9      | Noticed Cecur's ghost (novice DrEE)
 11263 | D:9      | Noticed a two-headed ogre
 11264 | D:9      | Noticed a two-headed ogre
 11264 | D:9      | Noticed a two-headed ogre
 11265 | D:9      | Found a transporter.
 11282 | D:9      | Identified the amulet of Bitsy {Reflect Fly MP+9 Str+4
                  | Int+7 SH+5}
 11297 | D:9      | Noticed a red ugly thing
 11348 | D:9      | Killed a red ugly thing
 11349 | D:9      | Reached skill level 5 in Evocations
 11454 | D:9      | Noticed a centaur warrior
 11463 | D:9      | Reached skill level 7 in Spellcasting
 11770 | D:9      | Noticed a two-headed ogre
 11776 | D:9      | Killed a two-headed ogre
 11777 | D:9      | Reached skill level 8 in Spellcasting
 12129 | D:10     | Entered Level 10 of the Dungeon
 12261 | D:10     | You fall into a shaft and drop 3 floors!
 12281 | D:13     | Noticed a wolf spider
 12287 | D:13     | HP: 18/74 [poisoned by a wolf spider]
 12287 | D:13     | HP: 2/74 [wolf spider (16)]
 12289 | D:13     | Slain by a wolf spider

Vanquished Creatures
  2 two-headed ogres
  Pikel (D:6)
  An ugly thing (D:9)
  A kobold demonologist (D:6)
  A troll (D:8)
  A meliai (D:9)
  A wraith (D:6)
  A shadow (D:9)
  A yak (D:10)
  A water moccasin (D:9)
  2 acid dragons
  Duvessa (D:4)
  6 orc warriors
  2 ice beasts
  A phantom (D:5)
  2 lemures (D:6)
  2 kobold brigands
  An elf zombie (Ossuary)
  3 bullfrogs
  2 necrophages
  4 scorpions
  3 wights (D:9)
  Dowan (D:4)
  3 killer bees (D:8)
  A human zombie (Ossuary)
  2 hounds (D:5)
  A jelly (D:7)
  2 gnoll shamans (D:9)
  8 orc priests
  3 iguanas
  9 orc wizards
  A centaur simulacrum (D:9)
  A hound zombie (Ossuary)
  3 mummies (Ossuary)
  15 gnolls
  9 adders
  2 white imps
  2 worms
  A dart slug (D:4)
  36 orcs
  5 ball pythons
  4 endoplasms
  4 giant cockroaches
  8 goblins
  6 hobgoblins
  3 jackals
  14 kobolds
  6 quokkas
  3 bats
  A gnoll zombie (Ossuary)
  3 goblin zombies
  2 kobold zombies (Ossuary)
  An orc zombie (Ossuary)
  7 rats
  3 rat zombies
  A foxfire (D:6)
211 creatures vanquished.

Vanquished Creatures (collateral kills)
  An orc warrior (D:9)
  An orc priest (D:8)
  2 orc wizards
  A mummy (Ossuary)
  A gnoll (D:9)
  An adder (D:5)
  A white imp (D:6)
  5 orcs
  A goblin (D:9)
  2 jackals
  2 kobolds (D:9)
  A ball python (D:3)
  A rat zombie (Ossuary)
20 creatures vanquished.

Vanquished Creatures (others)
  A lemure (D:6)
  An orc wizard (D:6)
  A jackal (D:3)
  42 foxfires
  3 fungi (D:10)
  A plant (D:10)
49 creatures vanquished.

Grand Total: 280 creatures vanquished

Table legend:
 A = Non-vault XP
 B = Vault XP
 C = Vault XP percentage of total XP
 D = Non-vault monster count
 E = Vault monster count
 F = Vault count percentage of total count
                 A         B        C        D         E       F
            +---------+---------+-------+---------+---------+-------
      Total |    7190 |    2654 |  27.0 |     177 |      52 |  22.7
            +---------+---------+-------+---------+---------+-------
        D:1 |      39 |       0 |   0.0 |      22 |       0 |   0.0
        D:2 |      31 |       0 |   0.0 |      10 |       0 |   0.0
        D:3 |     144 |       0 |   0.0 |      15 |       0 |   0.0
        D:4 |     346 |     212 |  38.0 |      18 |       2 |  10.0
        D:5 |     739 |      20 |   2.6 |      18 |       4 |  18.2
        D:6 |     879 |     607 |  40.8 |      18 |       1 |   5.3
        D:7 |     718 |       0 |   0.0 |      26 |       0 |   0.0
        D:8 |    1884 |       2 |   0.1 |      19 |       2 |   9.5
        D:9 |    2247 |     918 |  29.0 |      30 |       7 |  18.9
       D:10 |     163 |     395 |  70.8 |       1 |       3 |  75.0
    Ossuary |       0 |     244 | 100.0 |       0 |      16 | 100.0
     Bailey |       0 |     256 | 100.0 |       0 |      17 | 100.0
            +---------+---------+-------+---------+---------+-------

Illustrated notes

Table legend:
 A = Kills in this place as a percentage of kills in entire the game.
 B = Kills by you in this place as a percentage of kills by you in the entire game.
 C = Kills by friends in this place as a percentage of kills by friends in the entire game.
 D = Other kills in this place as a percentage of other kills in the entire game.
 E = Experience gained in this place as a percentage of experience gained in the entire game.
 F = Experience gained in this place divided by the number of levels of this place that you have seen.
                   A       B       C       D       E      F
               +-------+-------+-------+-------+-------+----------------------
         Total | 100.0 | 100.0 | 100.0 | 100.0 | 100.0 | 703.1
       Dungeon |  85.6 |  85.1 |  90.0 | 100.0 |  94.9 | 849.5
       Ossuary |   7.0 |   6.7 |  10.0 |   0.0 |   2.5 | 244.0
        Bailey |   7.4 |   8.2 |   0.0 |   0.0 |   2.6 | 256.0
               +-------+-------+-------+-------+-------+----------------------

Table legend: (Time is in decaauts)
 A = Elapsed time spent in this place.
 B = Non-inter-level travel time spent in this place.
 C = Inter-level travel time spent in this place.
 D = Time resting spent in this place.
 E = Time spent auto-exploring this place.
 F = Levels seen in this place.
 G = Mean time per level.
                   A        B        C        D        E       F      G
               +--------+--------+--------+--------+--------+-----+--------+
         Total |  12355 |  11707 |    648 |   1464 |   8593 |  14 |  882.5 |
       Dungeon |  11101 |  10466 |    635 |   1456 |   7645 |  11 | 1009.2 |
        Temple |    257 |    244 |     13 |      0 |    242 |   1 |  257.0 |
       Ossuary |    455 |    455 |      0 |      0 |    230 |   1 |  455.0 |
        Bailey |    540 |    540 |      0 |      8 |    476 |   1 |  540.0 |
               +--------+--------+--------+--------+--------+-----+--------+

Top non-repeatable levels by time:
     D:9: 1621 daAuts
     D:7: 1586 daAuts
     D:6: 1461 daAuts
     D:5: 1256 daAuts
     D:4: 1230 daAuts
     D:2: 1186 daAuts
     D:1: 1091 daAuts
     D:3: 792 daAuts
     D:8: 713 daAuts
  Bailey: 540 daAuts
 Ossuary: 455 daAuts
  Temple: 257 daAuts
    D:10: 133 daAuts
    D:13: 27 daAuts
